| TOP OF THE 1ST |
|
Fresno Grizzlies batting - Pitching for Salinas Fire Frogs : RHP Francis Reilly
|
|
Pitching: RHP Francis Reilly
|
|
|
Batting: RHB Mike Jirschele
|
0-0: Ball 1-0: Ball 2-0: SINGLE (Groundball, 6M, EV 106.3 MPH) (infield hit)
|
|
Batting: LHB Roger Hill
|
0-0: Ball 1-0: Ball 2-0: Called Strike 2-1: Foul Ball, location: 2F 2-2: Fly out, F9 (Flyball, 89D, EV 95.0 MPH)
|
|
Batting: RHB Chris Fernandez
|
0-0: Ball 1-0: Grounds into double play, 5-4-3 (Groundball, 56S, EV 86.3 MPH)
|
| Top of the 1st over - 0 runs, 1 hit, 0 errors, 0 left on base; Fresno 0 - Salinas 0 |
| BOTTOM OF THE 1ST |
|
Salinas Fire Frogs batting - Pitching for Fresno Grizzlies : RHP Felipe Caban
|
|
Pitching: RHP Felipe Caban
|
|
|
Batting: RHB Bobby Morin
|
0-0: Ball 1-0: Ball 2-0: Ground out 5-3 (Groundball, 56, EV 104.4 MPH)
|
|
Batting: RHB Carlos Urias
|
0-0: Ball 1-0: Ground out 6-3 (Groundball, 6, EV 88.8 MPH)
|
|
Batting: RHB Kevin Mitchell
|
0-0: Fly out, F9 (Line Drive, 9, EV 103.1 MPH)
|
| Bottom of the 1st over - 0 runs, 0 hits, 0 errors, 0 left on base; Fresno 0 - Salinas 0 |
| TOP OF THE 2ND |
|
Fresno Grizzlies batting - Pitching for Salinas Fire Frogs : RHP Francis Reilly
|
|
Batting: LHB Ron Oddo
|
0-0: Ball 1-0: Ball 2-0: Foul Ball, location: 2F 2-1: Ball 3-1: Swinging Strike 3-2: SINGLE (Groundball, 34D, EV 101.3 MPH)
|
|
Batting: RHB Tom Johnson
|
0-0: Called Strike 0-1: Fly out, F7 (Line Drive, 7S, EV 93.8 MPH)
|
|
Batting: RHB Mike King
|
0-0: Ball 1-0: Called Strike 1-1: Swinging Strike 1-2: Foul Ball, location: 5F, Error on foul ball, E5 1-2: Ball 2-2: Foul Ball, location: 2F 2-2: Foul Ball, location: 2F 2-2: Foul Ball, location: 2F 2-2: Ball 3-2: SINGLE (Groundball, 4MD, EV 93.8 MPH) Ron Oddo to second Ron Oddo to third
|
|
Batting: RHB Ivan Mesa
|
0-0: Ball 1-0: Ball 2-0: Grounds into double play, 6-4-3 (Groundball, 6, EV 105.0 MPH)
|
| Top of the 2nd over - 0 runs, 2 hits, 1 error, 1 left on base; Fresno 0 - Salinas 0 |
| BOTTOM OF THE 2ND |
|
Salinas Fire Frogs batting - Pitching for Fresno Grizzlies : RHP Felipe Caban
|
|
Batting: LHB Daryl Pitts
|
0-0: Called Strike 0-1: Ball 1-1: Swinging Strike 1-2: Foul Ball, location: 2F 1-2: Ball 2-2: Ball 3-2: Foul Ball, location: 2F 3-2: Foul Ball, location: 2F 3-2: SINGLE (Groundball, 23, EV 71.3 MPH) (infield hit)
|
|
Batting: RHB Bruce Morrison
|
0-0: Ball 1-0: Foul Ball, location: 2F 1-1: SINGLE (Groundball, 56D, EV 101.3 MPH) Daryl Pitts to second
|
|
Batting: SHB Terry Raley
|
0-0: Ball 1-0: Foul Ball, location: 2F 1-1: SINGLE (Line Drive, 89M, EV 92.5 MPH) Daryl Pitts to third Bruce Morrison to second Runner from 3rd tries for Home, SAFE, throw by RF to home
|
|
Batting: RHB Jordan Chavez
|
0-0: Ball 1-0: Swinging Strike 1-1: Grounds into double play, 5-4-3 (Groundball, 25, EV 83.8 MPH) Bruce Morrison to third
|
|
Batting: LHB Charles McGehee
|
0-0: Ball 1-0: SINGLE (Groundball, 6MD, EV 102.5 MPH) Bruce Morrison scores
|
|
Batting: RHB Joe Portale
|
0-0: Called Strike 0-1: Ball 1-1: Ball 2-1: Fly out, F8 (Flyball, 8RS, EV 88.1 MPH)
|
| Bottom of the 2nd over - 2 runs, 4 hits, 0 errors, 1 left on base; Fresno 0 - Salinas 2 |
| TOP OF THE 3RD |
|
Fresno Grizzlies batting - Pitching for Salinas Fire Frogs : RHP Francis Reilly
|
|
Batting: LHB Russ Aldrich
|
0-0: Ball 1-0: Ball 2-0: Ball 3-0: Base on Balls
|
|
Batting: RHB Emilio Carrasquel
|
0-0: Foul Ball, location: 2F 0-1: Swinging Strike 0-2: Ball 1-2: Ball 2-2: Ball 3-2: Base on Balls Russ Aldrich to second
|
|
Batting: RHB Mike Jirschele
|
0-0: Foul Ball, location: 2F 0-1: Fly out, F9 (Flyball, 9, EV 75.0 MPH)
|
|
Batting: LHB Roger Hill
|
0-0: Ball 1-0: Ball 2-0: Ball 3-0: Called Strike 3-1: Foul Ball, location: 2F 3-2: Foul Ball, location: 2F 3-2: Foul Ball, location: 2F 3-2: Ground out U3 (Groundball, 3S, EV 71.3 MPH) Russ Aldrich to third Emilio Carrasquel to second
|
|
Batting: RHB Chris Fernandez
|
0-0: Fly out, F4 (Popup, 34D, EV 44.4 MPH)
|
| Top of the 3rd over - 0 runs, 0 hits, 0 errors, 2 left on base; Fresno 0 - Salinas 2 |
| BOTTOM OF THE 3RD |
|
Salinas Fire Frogs batting - Pitching for Fresno Grizzlies : RHP Felipe Caban
|
|
Batting: RHB Bobby Morin
|
0-0: Ground out 4-3 (Groundball, 4D, EV 85.6 MPH)
|
|
Batting: RHB Carlos Urias
|
0-0: Swinging Strike 0-1: Fly out, F8 (Line Drive, 8LD, EV 84.4 MPH)
|
|
Batting: RHB Kevin Mitchell
|
0-0: Fly out, F9 (Line Drive, 9D, EV 95.0 MPH)
|
| Bottom of the 3rd over - 0 runs, 0 hits, 0 errors, 0 left on base; Fresno 0 - Salinas 2 |
| TOP OF THE 4TH |
|
Fresno Grizzlies batting - Pitching for Salinas Fire Frogs : RHP Francis Reilly
|
|
Batting: LHB Ron Oddo
|
0-0: Ball 1-0: Ground out 4-3 (Groundball, 4S, EV 93.8 MPH)
|
|
Batting: RHB Tom Johnson
|
0-0: Called Strike 0-1: Ball 1-1: Foul Ball, location: 2F 1-2: Ball 2-2: Foul Ball, location: 2F 2-2: Foul Ball, location: 2F 2-2: Ball 3-2: Foul Ball, location: 2F 3-2: Strikes out swinging
|
|
Batting: RHB Mike King
|
0-0: Ball 1-0: Ball 2-0: Ball 3-0: Called Strike 3-1: Swinging Strike 3-2: Foul Ball, location: 2F 3-2: Foul Ball, location: 2F 3-2: Fly out, F8 (Flyball, 8RS, EV 94.4 MPH)
|
| Top of the 4th over - 0 runs, 0 hits, 0 errors, 0 left on base; Fresno 0 - Salinas 2 |
| BOTTOM OF THE 4TH |
|
Salinas Fire Frogs batting - Pitching for Fresno Grizzlies : RHP Felipe Caban
|
|
Batting: LHB Daryl Pitts
|
0-0: Ground out 4-3 (Groundball, 4, EV 106.3 MPH)
|
|
Batting: RHB Bruce Morrison
|
0-0: Called Strike 0-1: Swinging Strike 0-2: Strikes out swinging
|
|
Batting: SHB Terry Raley
|
0-0: Foul Ball, location: 2F 0-1: Foul Ball, location: 2F 0-2: Foul Ball, location: 2F 0-2: Ball 1-2: Foul Ball, location: 2F 1-2: Strikes out swinging
|
| Bottom of the 4th over - 0 runs, 0 hits, 0 errors, 0 left on base; Fresno 0 - Salinas 2 |
| TOP OF THE 5TH |
|
Fresno Grizzlies batting - Pitching for Salinas Fire Frogs : RHP Francis Reilly
|
|
Batting: RHB Ivan Mesa
|
0-0: Called Strike 0-1: Ball 1-1: Ball 2-1: Ball 3-1: Foul Ball, location: 2F 3-2: Fly out, F7 (Flyball, 7, EV 88.8 MPH)
|
|
Batting: LHB Russ Aldrich
|
0-0: Ball 1-0: Ground out 4-3 (Groundball, 4, EV 102.5 MPH)
|
|
Batting: RHB Emilio Carrasquel
|
0-0: Ball 1-0: Called Strike 1-1: Foul Ball, location: 2F 1-2: SINGLE (Groundball, 6MD, EV 95.6 MPH)
|
|
Batting: RHB Mike Jirschele
|
0-0: Ball 1-0: Foul Ball, location: 2F 1-1: Called Strike 1-2: Ball 2-2: Ball 3-2: SINGLE (Groundball, 6MD, EV 100.6 MPH) Emilio Carrasquel to second Emilio Carrasquel to third
|
|
Batting: LHB Roger Hill
|
0-0: Called Strike 0-1: Foul Ball, location: 2F 0-2: Ball 1-2: Ball 2-2: Foul Ball, location: 2F 2-2: SINGLE (Line Drive, 4D, EV 93.8 MPH) Emilio Carrasquel scores Mike Jirschele to second
|
|
Batting: RHB Chris Fernandez
|
0-0: Fly out, F8 (Flyball, 78M, EV 89.4 MPH)
|
| Top of the 5th over - 1 run, 3 hits, 0 errors, 2 left on base; Fresno 1 - Salinas 2 |
| BOTTOM OF THE 5TH |
|
Salinas Fire Frogs batting - Pitching for Fresno Grizzlies : RHP Felipe Caban
|
|
Batting: RHB Jordan Chavez
|
0-0: Bunt missed! 0-1: Foul Ball, location: 2F 0-2: Strikes out swinging
|
|
Batting: LHB Charles McGehee
|
0-0: Fly out, F9 (Line Drive, 9, EV 90.6 MPH)
|
|
Batting: RHB Joe Portale
|
0-0: Fly out, F7 (Line Drive, 7, EV 93.1 MPH)
|
| Bottom of the 5th over - 0 runs, 0 hits, 0 errors, 0 left on base; Fresno 1 - Salinas 2 |
| TOP OF THE 6TH |
|
Fresno Grizzlies batting - Pitching for Salinas Fire Frogs : RHP Francis Reilly
|
|
Pitching: RHP Thomas Schneider
|
|
|
Batting: LHB Ron Oddo
|
0-0: Called Strike 0-1: Ground out 6-3 (Groundball, 6, EV 86.3 MPH)
|
|
Batting: RHB Tom Johnson
|
0-0: Ball 1-0: Ball 2-0: Foul Ball, location: 2F 2-1: Ball 3-1: Foul Ball, location: 2F 3-2: Strikes out swinging, 2-3 out at first.
|
|
Batting: RHB Mike King
|
0-0: Called Strike 0-1: Fly out, F8 (Flyball, 8LXD, EV 104.4 MPH)
|
| Top of the 6th over - 0 runs, 0 hits, 0 errors, 0 left on base; Fresno 1 - Salinas 2 |
| BOTTOM OF THE 6TH |
|
Salinas Fire Frogs batting - Pitching for Fresno Grizzlies : RHP Felipe Caban
|
|
Batting: RHB Bobby Morin
|
0-0: Ball 1-0: Swinging Strike 1-1: Foul Ball, location: 2F 1-2: Foul Ball, location: 2F 1-2: Ball 2-2: Ball 3-2: Foul Ball, location: 2F 3-2: Foul Ball, location: 2F 3-2: Strikes out swinging
|
|
Batting: RHB Carlos Urias
|
0-0: Ball 1-0: Called Strike 1-1: Called Strike 1-2: Foul Ball, location: 2F 1-2: Ball 2-2: Ground out 3-1 (Groundball, 34, EV 103.8 MPH)
|
|
Batting: RHB Kevin Mitchell
|
0-0: Ball 1-0: TRIPLE (Flyball, 8LXD, EV 103.1 MPH)
|
|
Batting: LHB Daryl Pitts
|
0-0: Ball 1-0: Ground out 4-3 (Groundball, 4M, EV 93.8 MPH)
|
| Bottom of the 6th over - 0 runs, 1 hit, 0 errors, 1 left on base; Fresno 1 - Salinas 2 |
| TOP OF THE 7TH |
|
Fresno Grizzlies batting - Pitching for Salinas Fire Frogs : RHP Thomas Schneider
|
|
Batting: RHB Ivan Mesa
|
0-0: Called Strike 0-1: Ball 1-1: Ground out 6-3 (Groundball, 6, EV 90.0 MPH)
|
|
Batting: LHB Russ Aldrich
|
0-0: Called Strike 0-1: Ball 1-1: Called Strike 1-2: Fly out, F5 (Popup, 56, EV 71.3 MPH)
|
|
Batting: RHB Emilio Carrasquel
|
0-0: Ground out 4-3 (Groundball, 4, EV 83.8 MPH)
|
| Top of the 7th over - 0 runs, 0 hits, 0 errors, 0 left on base; Fresno 1 - Salinas 2 |
| BOTTOM OF THE 7TH |
|
Salinas Fire Frogs batting - Pitching for Fresno Grizzlies : RHP Felipe Caban
|
|
Batting: RHB Bruce Morrison
|
0-0: Called Strike 0-1: Foul Ball, location: 2F 0-2: Strikes out swinging
|
|
Batting: SHB Terry Raley
|
0-0: Ball 1-0: Fly out, F4 (Popup, 34, EV 73.1 MPH)
|
|
Batting: RHB Jordan Chavez
|
0-0: Foul Ball, location: 2F 0-1: Ball 1-1: Fly out, F9 (Flyball, 9LM, EV 96.9 MPH)
|
| Bottom of the 7th over - 0 runs, 0 hits, 0 errors, 0 left on base; Fresno 1 - Salinas 2 |
| TOP OF THE 8TH |
|
Fresno Grizzlies batting - Pitching for Salinas Fire Frogs : RHP Thomas Schneider
|
|
Batting: RHB Mike Jirschele
|
0-0: Foul Ball, location: 2F 0-1: Ball 1-1: Ball 2-1: Called Strike 2-2: Ball 3-2: Base on Balls
|
|
Batting: LHB Roger Hill
|
0-0: Ball 1-0: Sac Bunt to 3S - play at first, batter OUT! 3-4 Mike Jirschele to second
|
|
Pinch Hitting: LHB William Metil
|
0-0: Ground out 5-3 (Groundball, 15, EV 80.6 MPH)
|
|
Batting: LHB Ron Oddo
|
0-0: Ball 1-0: Ball 2-0: Ball 3-0: Base on Balls
|
|
Pitching: RHP John Bulleri
|
|
|
Batting: RHB Tom Johnson
|
0-0: Hit by Pitch Mike Jirschele to third Ron Oddo to second
|
|
Batting: RHB Mike King
|
0-0: Foul Ball, location: 2F 0-1: Ball 1-1: Ball 2-1: Foul Ball, location: 2F 2-2: Ball 3-2: Fly out, F9 (Flyball, 9S, EV 96.9 MPH)
|
| Top of the 8th over - 0 runs, 0 hits, 0 errors, 3 left on base; Fresno 1 - Salinas 2 |
| BOTTOM OF THE 8TH |
|
Salinas Fire Frogs batting - Pitching for Fresno Grizzlies : RHP Felipe Caban
|
|
Now at 3B: William Metil
|
|
|
Batting: LHB Charles McGehee
|
0-0: Ball 1-0: Fly out, F4 (Line Drive, 4, EV 66.9 MPH)
|
|
Batting: RHB Joe Portale
|
0-0: Called Strike 0-1: Ground out 4-3 (Groundball, 4, EV 98.1 MPH)
|
|
Batting: RHB Bobby Morin
|
0-0: Foul Ball, location: 2F 0-1: Ball 1-1: Ground out 4-3 (Groundball, 4, EV 91.9 MPH)
|
| Bottom of the 8th over - 0 runs, 0 hits, 0 errors, 0 left on base; Fresno 1 - Salinas 2 |
| TOP OF THE 9TH |
|
Fresno Grizzlies batting - Pitching for Salinas Fire Frogs : RHP John Bulleri
|
|
Now at SS: Richard Gonzalez
|
|
|
Now in RF: Leon Doak
|
|
|
Batting: RHB Ivan Mesa
|
0-0: Ball 1-0: Ball 2-0: Swinging Strike 2-1: Foul Ball, location: 2F 2-2: Foul Ball, location: 2F 2-2: Strikes out swinging
|
|
Batting: LHB Russ Aldrich
|
0-0: Ball 1-0: Ball 2-0: Called Strike 2-1: Swinging Strike 2-2: Strikes out swinging
|
|
Batting: RHB Emilio Carrasquel
|
0-0: Hit by Pitch
|
|
Batting: RHB Mike Jirschele
|
0-0: 2-RUN HOME RUN (Flyball, 7D, EV 95.6 MPH), Distance : 379 ft
|
|
Batting: LHB Roger Hill
|
0-0: Ball 1-0: SINGLE (Groundball, 5S, EV 62.5 MPH) (infield hit)
|
|
Batting: LHB William Metil
|
0-0: Ball 1-0: Ball Wild Pitch! Roger Hill to second 2-0: Ball 3-0: Base on Balls
|
|
Batting: LHB Ron Oddo
|
0-0: Ball 1-0: Foul Ball, location: 2F 1-1: Ball 2-1: Fielders Choice at 2nd, 4-6 (Groundball, 4MD, EV 79.4 MPH)
|
| Top of the 9th over - 2 runs, 2 hits, 0 errors, 2 left on base; Fresno 3 - Salinas 2 |
| BOTTOM OF THE 9TH |
|
Salinas Fire Frogs batting - Pitching for Fresno Grizzlies : RHP Felipe Caban
|
|
Pitching: RHP Chuck McKinney
|
|
|
Pinch Hitting: LHB Kent Keiser
|
0-0: Ball 1-0: Foul Ball, location: 2F 1-1: Foul Ball, location: 2F 1-2: Ball 2-2: Ball 3-2: Strikes out swinging
|
|
Batting: RHB Leon Doak
|
0-0: Ground out 6-3 (Groundball, 56, EV 108.8 MPH)
|
|
Pinch Hitting: RHB Jason Felice
|
0-0: Ball 1-0: Called Strike 1-1: Foul Ball, location: 2F 1-2: Ball 2-2: Ball 3-2: Foul Ball, location: 2F 3-2: Foul Ball, location: 2F 3-2: Foul Ball, location: 2F 3-2: Foul Ball, location: 2F 3-2: Foul Ball, location: 2F 3-2: Foul Ball, location: 2F 3-2: Fly out, F3 (Popup, 3, EV 63.8 MPH)
|
| Bottom of the 9th over - 0 runs, 0 hits, 0 errors, 0 left on base; Fresno 3 - Salinas 2 |
|